 Dungeon Crawl Stone Soup version 0.29.0-4-gdea44cf6ec (webtiles) character file.

Game seed: 3523781422428428469

20244 qw the Brawler (level 12, -5/114 HPs)
             Began as a Troll Cinder Acolyte on Sept 2, 2022.
             Was an Elder of Okawaru.
             Slain by a cane toad (10 damage)
             ... on level 3 of the Lair of Beasts.
             The game lasted 00:06:02 (10182 turns).

qw the Brawler (Troll Cinder Acolyte)              Turns: 10182, Time: 00:06:02

Health: -5/114     AC:  7    Str: 29    XL:     12   Next: 43%
Magic:  14/14      EV:  9    Int: 10    God:    Okawaru [****..]
Gold:   711        SH: 11    Dex:  5    Spells: 13/13 levels left

rFire   . . .      SeeInvis .     - Unarmed
rCold   . . .      Faith    .   e - +0 kite shield
rNeg    . . .      Spirit   .   a - +0 robe
rPois   +          Reflect  .   (helmet restricted)
rElec   .          Harm     .   f - +2 cloak
rCorr   .          Rampage  .   (gloves unavailable)
Will    +....                   (boots unavailable)
Stlth   ++........              n - amulet of regeneration
HPRegen 1.89/turn               h - ring of willpower
MPRegen 0.14/turn               g - ring of poison resistance

@: lethally poisoned (-5 -> -6), about to teleport, heroic, fire susceptible
A: large, unfitting armour, claws 3, regeneration 1, shaggy fur 1, tough skin 1
a: Renounce Religion, Heroism, Finesse


You were on level 3 of the Lair of Beasts.
You worshipped Okawaru.
Okawaru was greatly pleased with you.
You visited 3 branches of the dungeon, and saw 13 of its levels.
You also visited: Sewer.

You collected 826 gold pieces.
You spent 115 gold pieces at shops.


Innate Abilities, Weirdness & Mutations

You are too large for most types of armour.
You have claws for hands.
Your natural rate of healing is unusually fast.
You are covered in fur. (AC +1)
You have tough skin. (AC +1)


   Skills:
 - Level 6.1(11.1) Fighting
 - Level 4.0(9.0) Throwing
 - Level 1.9(6.9) Armour
 - Level 1.0(6.0) Dodging
 + Level 10.1(15.1) Shields
 - Level 15.0(20.0) Unarmed Combat
 - Level 1.0 Spellcasting
 - Level 2.1 Fire Magic
 + Level 4.1 Invocations


You had 13 spell levels left.
You didn't know any spells.
Your spell library contained the following spells:

 Spells                   Type           Power      Damage    Failure   Level
 Scorch                   Fire           8%         2d5       32%         2

Inventory:

Armour
 a - a +0 robe (worn)
 e - a +0 kite shield (worn)
 f - a +2 cloak (worn)
Jewellery
 c - a ring of ice
 d - a ring of positive energy
 g - a ring of poison resistance (right claw)
 h - a ring of willpower (left claw)
 n - an amulet of regeneration (around neck)
Scrolls
 j - a scroll of identify
Potions
 b - 3 potions of curing
 k - 5 potions of haste
 l - a potion of mutation
 r - a potion of might

Dungeon Overview and Level Annotations

Branches:
Dungeon (8/15)             Temple (1/1) D:4            Lair (4/5) D:8
 Spider (0/4) Lair:3        Sewer (visited)
  Swamp: Lair:2-3    Shoals: Lair:2-3     Slime: Lair:4-5

Altars:
Cheibriados
Dithmenos
Fedhas
Kikubaaqudgha
Okawaru
Ru
Sif Muna
Vehumet

Shops:
D:1 [   D:2 *

Annotations:
D:4 3 runed translucent doors, Plog's ghost, amateur TeWr
D:6 1 runed translucent door, qw's ghost, novice TrCA
Lair:1 2 transporters, qw's ghost, novice TrCA
Lair:3 3 runed translucent doors, qw's ghost, journeyman TrCA


Message History

The blink frog hits you!
The blink frog blinks!
You barely miss the blink frog.
The blink frog is almost dead.
You block the blink frog's attack. x2
You closely miss the blink frog.
The blink frog is almost dead.
You block the blink frog's attack. You block the cane toad's attack.
You miss the blink frog.
The blink frog is almost dead.
The blink frog completely misses you.
The blink frog blinks!
The cane toad stings you!
You are poisoned.
The cane toad poisons you!
You miss the blink frog.
You feel very sick. You block the blink frog's attack. The blink frog hits you.
You closely miss the blink frog.
You feel very sick. The blink frog barely misses you.
The cane toad stings you!!
The blink frog blinks!
You barely miss the blink frog.
You feel very sick.
The blink frog blinks!
You block the blink frog's attack. The cane toad stings you!!
10180 ||| READING scroll of teleportation.
As you read the scroll of teleportation, it crumbles to dust.
You feel strangely unstable.
You feel very sick.
The blink frog blinks!
The blink frog hits you but does no damage.
The cane toad closely misses you. You block the blink frog's attack.
You completely miss the blink frog.
The blink frog is almost dead.
You feel sick.
The blink frog blinks!
The cane toad barely misses you.
A basilisk comes into view.
You block the blink frog's attack. The blink frog hits you!
You miss the blink frog.
The blink frog is moderately wounded.
You feel sick. The cane toad stings you!
You die...

####..#
.##..#..#
...)....#
........##
.###.....#
##...## #....#
#..F.## .
#..@FP# ..
#F.¤F## #.F#
#.#..%.#.....
####%b..l.P##
###........#
#...#...¤..#
#.ss~..###.PF...
..>s~.. ......
#...~.. ......


You could see a cane toad, a basilisk and 4 blink frogs.

Vanquished Creatures
  2 hydras
  3 death yaks (Lair:1)
  Nergalle (Lair:1)
  4 elephants (Lair:4)
  5 black mambas (Lair:1)
  2 cane toads
  3 komodo dragons
  4 rime drakes
  3 polar bears
  2 blink frogs
  A jumping spider (Lair:3)
  A wraith (D:8)
  7 fire elementals
  4 wyverns
  24 yaks
  4 basilisks
  Duvessa (D:7)
  24 water moccasins
  Pargi (Sewer)
  2 sky beasts
  A black bear (D:8)
  An ice beast (D:7)
  2 centaurs (D:7)
  2 ogres
  A phantom (D:4)
  8 bullfrogs
  4 scorpions
  2 necrophages
  Dowan (D:7)
  A howler monkey (D:7)
  5 orc priests
  8 hounds
  2 gnoll boudas
  Jessica (D:2)
  2 iguanas
  8 orc wizards
  A polar bear simulacrum (Lair:1)
  10 adders
  15 gnolls
  A shadow imp (D:5)
  A white imp (D:8)
  3 ufetubi
  A dart slug (D:4)
  25 orcs
  4 bats
  11 endoplasms
  5 giant cockroaches
  3 goblins
  8 hobgoblins
  10 jackals
  8 kobolds
  9 quokkas
  11 ball pythons
  7 frilled lizards
  11 rats
291 creatures vanquished.

Vanquished Creatures (others)
  10 fungi
  29 plants
39 creatures vanquished.

Grand Total: 330 creatures vanquished

Notes
Turn   | Place    | Note
-------+----------+-------------------------------------------
     0 | D:1      | qw the Troll Cinder Acolyte began the quest for the Orb.
     0 | D:1      | Reached XP level 1. HP: 22/22 MP: 1/1
     0 | D:1      | 0 ||| qw: Version: 0.1-a-97-g2dd2ca4
     0 | D:1      | 0 ||| qw: Game counter: 4956
     0 | D:1      | 0 ||| qw: Always use a shield: true
     0 | D:1      | 0 ||| qw: God list: Okawaru
     0 | D:1      | 0 ||| qw: Allow faded altars: false
     0 | D:1      | 0 ||| qw: Do Orc after D:15 true
     0 | D:1      | 0 ||| qw: Do second Lair branch before Depths: true
     0 | D:1      | 0 ||| qw: Lair rune preference: random
     0 | D:1      | 0 ||| qw: Plans: Normal
     0 | D:1      | 0 ||| PLANNING D:1-11
   191 | D:1      | Reached XP level 2. HP: 29/29 MP: 2/2
   493 | D:1      | Found Qemotohi's Antique Armour Shop.
   511 | D:1      | 511 ||| SHOPLISTING runed hat (154 gold, have 73).
   511 | D:1      | 511 ||| SHOPLISTING runed orb (264 gold, have 73).
   574 | D:1      | Reached skill level 4 in Unarmed Combat
   834 | D:1      | 834 ||| DRINKING 3 red potions.
   946 | D:2      | Reached XP level 3. HP: 21/36 MP: 3/3
  1016 | D:2      | 1016 ||| Stepping ~*~*~tactically~*~*~ (stealth).
  1017 | D:2      | 1017 ||| Stepping ~*~*~tactically~*~*~ (stealth).
  1049 | D:2      | Noticed Jessica
  1050 | D:2      | 1050 ||| Stepping ~*~*~tactically~*~*~ (hiding).
  1055 | D:2      | 1055 ||| INVOKING Fiery Armour.
  1058 | D:2      | 1058 ||| Stepping ~*~*~tactically~*~*~ (outnumbered).
  1059 | D:2      | 1059 ||| Stepping ~*~*~tactically~*~*~ (outnumbered).
  1060 | D:2      | 1060 ||| Stepping ~*~*~tactically~*~*~ (outnumbered).
  1061 | D:2      | 1061 ||| Stepping ~*~*~tactically~*~*~ (outnumbered).
  1063 | D:2      | 1063 ||| Stepping ~*~*~tactically~*~*~ (outnumbered).
  1064 | D:2      | 1064 ||| Stepping ~*~*~tactically~*~*~ (outnumbered).
  1065 | D:2      | 1065 ||| Stepping ~*~*~tactically~*~*~ (outnumbered).
  1066 | D:2      | 1066 ||| Stepping ~*~*~tactically~*~*~ (outnumbered).
  1067 | D:2      | 1067 ||| Stepping ~*~*~tactically~*~*~ (outnumbered).
  1069 | D:2      | 1069 ||| Stepping ~*~*~tactically~*~*~ (outnumbered).
  1070 | D:2      | 1070 ||| Stepping ~*~*~tactically~*~*~ (outnumbered).
  1073 | D:2      | HP: 9/36 [orc priest/divine providence (14)]
  1074 | D:2      | Reached skill level 5 in Unarmed Combat
  1074 | D:2      | Reached XP level 4. HP: 11/44 MP: 4/4
  1077 | D:2      | Killed Jessica
  1078 | D:2      | HP: 9/44 [orc priest/nerve-wracking pain (6)]
  1082 | D:2      | Reached XP level 5. HP: 12/50 MP: 5/5
  1162 | D:2      | 1162 ||| Stepping ~*~*~tactically~*~*~ (stealth).
  1170 | D:2      | Reached skill level 6 in Unarmed Combat
  1188 | D:2      | Found a faded altar of an unknown god.
  1208 | D:2      | Found Puystie's Assorted Antiques.
  1213 | D:2      | 1213 ||| BUYING 2 murky sapphire potions (43 gold).
  1213 | D:2      | Bought 2 murky sapphire potions for 43 gold pieces
  1213 | D:2      | 1213 ||| BUYING potion of curing (72 gold).
  1213 | D:2      | Bought a potion of curing for 72 gold pieces
  1213 | D:2      | 1213 ||| SHOPLISTING potion of curing (72 gold, have 17).
  1213 | D:2      | 1213 ||| SHOPLISTING scroll labelled DUZURU GUXTOMM (24
                  | gold, have 17).
  1213 | D:2      | 1213 ||| SHOPLISTING scroll labelled XEONGOZ OLORU (24
                  | gold, have 17).
  1213 | D:2      | 1213 ||| SHOPLISTING scroll labelled YKEMIPP SEPAYL (24
                  | gold, have 17).
  1334 | D:2      | 1334 ||| Stepping ~*~*~tactically~*~*~ (stealth).
  1746 | D:2      | 1746 ||| UPGRADING to +0 kite shield.
  1751 | D:2      | 1751 ||| UPGRADING to amulet of guardian spirit.
  1756 | D:2      | 1756 ||| UPGRADING to ring of positive energy.
  1757 | D:2      | 1757 ||| READING scroll labelled ZAPODA QOJIYZ.
  1758 | D:2      | 1758 ||| DRINKING 2 murky sapphire potions.
  1798 | D:2      | 1798 ||| DROPPING potion of lignification.
  1884 | D:3      | 1884 ||| Stepping ~*~*~tactically~*~*~ (outnumbered).
  1888 | D:3      | 1888 ||| Stepping ~*~*~tactically~*~*~ (outnumbered).
  1889 | D:3      | 1889 ||| Stepping ~*~*~tactically~*~*~ (outnumbered).
  1892 | D:3      | 1892 ||| Stepping ~*~*~tactically~*~*~ (outnumbered).
  1980 | D:3      | 1980 ||| Stepping ~*~*~tactically~*~*~ (outnumbered).
  1981 | D:3      | 1981 ||| Stepping ~*~*~tactically~*~*~ (outnumbered).
  1987 | D:3      | Reached skill level 1 in Shields
  2343 | D:3      | 2343 ||| READING 2 scrolls labelled ISYPUK LUPA.
  2344 | D:3      | 2344 ||| DRINKING 2 green potions.
  2345 | D:3      | 2345 ||| DROPPING scroll of immolation.
  2372 | D:4      | 2372 ||| Stepping ~*~*~tactically~*~*~ (outnumbered).
  2373 | D:4      | 2373 ||| Stepping ~*~*~tactically~*~*~ (outnumbered).
  2375 | D:4      | 2375 ||| Stepping ~*~*~tactically~*~*~ (outnumbered).
  2376 | D:4      | 2376 ||| Stepping ~*~*~tactically~*~*~ (outnumbered).
  2389 | D:4      | Reached XP level 6. HP: 52/59 MP: 4/6
  2413 | D:4      | 2413 ||| Stepping ~*~*~tactically~*~*~ (hiding).
  2417 | D:4      | 2417 ||| Stepping ~*~*~tactically~*~*~ (stealth).
  2425 | D:4      | 2425 ||| Stepping ~*~*~tactically~*~*~ (stealth).
  2476 | D:4      | Found a runed translucent gate.
  2483 | D:4      | 2483 ||| DRINKING 4 potions of curing.
  2483 | D:4      | 2483 ||| (to cure confusion)
  2483 | D:4      | Found a runed translucent gate.
  2483 | D:4      | Found a runed translucent gate.
  2488 | D:4      | Noticed Plog's ghost (amateur TeWr)
  2490 | D:4      | 2490 ||| Stepping ~*~*~tactically~*~*~ (outnumbered).
  2495 | D:4      | 2495 ||| Stepping ~*~*~tactically~*~*~ (outnumbered).
  2497 | D:4      | 2497 ||| Stepping ~*~*~tactically~*~*~ (outnumbered).
  2498 | D:4      | 2498 ||| Stepping ~*~*~tactically~*~*~ (outnumbered).
  2499 | D:4      | 2499 ||| Stepping ~*~*~tactically~*~*~ (outnumbered).
  2500 | D:4      | 2500 ||| Stepping ~*~*~tactically~*~*~ (outnumbered).
  2501 | D:4      | 2501 ||| Stepping ~*~*~tactically~*~*~ (outnumbered).
  2503 | D:4      | 2503 ||| Stepping ~*~*~tactically~*~*~ (outnumbered).
  2504 | D:4      | 2504 ||| Stepping ~*~*~tactically~*~*~ (outnumbered).
  2505 | D:4      | 2505 ||| Stepping ~*~*~tactically~*~*~ (outnumbered).
  2506 | D:4      | 2506 ||| Stepping ~*~*~tactically~*~*~ (outnumbered).
  2507 | D:4      | 2507 ||| Stepping ~*~*~tactically~*~*~ (outnumbered).
  2508 | D:4      | 2508 ||| Stepping ~*~*~tactically~*~*~ (outnumbered).
  2509 | D:4      | 2509 ||| Stepping ~*~*~tactically~*~*~ (outnumbered).
  2511 | D:4      | 2511 ||| Stepping ~*~*~tactically~*~*~ (outnumbered).
  2512 | D:4      | 2512 ||| Stepping ~*~*~tactically~*~*~ (outnumbered).
  2516 | D:4      | Reached skill level 3 in Shields
  2637 | D:4      | Found a staircase to the Ecumenical Temple.
  2639 | D:4      | 2639 ||| Stepping ~*~*~tactically~*~*~ (hiding).
  2641 | D:4      | 2641 ||| Stepping ~*~*~tactically~*~*~ (stealth).
  2645 | D:4      | 2645 ||| Stepping ~*~*~tactically~*~*~ (stealth).
  2651 | D:4      | 2651 ||| INVOKING Fiery Armour.
  2652 | D:4      | 2652 ||| Stepping ~*~*~tactically~*~*~ (outnumbered).
  2654 | D:4      | Reached skill level 1 in Throwing
  2655 | D:4      | 2655 ||| Stepping ~*~*~tactically~*~*~ (outnumbered).
  2735 | D:4      | 2735 ||| Stepping ~*~*~tactically~*~*~ (stealth).
  2737 | D:4      | 2737 ||| Stepping ~*~*~tactically~*~*~ (stealth).
  2799 | D:4      | 2799 ||| INVOKING Fiery Armour.
  2804 | D:4      | 2804 ||| Stepping ~*~*~tactically~*~*~ (outnumbered).
  2805 | D:4      | 2805 ||| Stepping ~*~*~tactically~*~*~ (outnumbered).
  2806 | D:4      | 2806 ||| Stepping ~*~*~tactically~*~*~ (outnumbered).
  2807 | D:4      | 2807 ||| Stepping ~*~*~tactically~*~*~ (outnumbered).
  2808 | D:4      | 2808 ||| Stepping ~*~*~tactically~*~*~ (outnumbered).
  2809 | D:4      | 2809 ||| Stepping ~*~*~tactically~*~*~ (outnumbered).
  2810 | D:4      | 2810 ||| Stepping ~*~*~tactically~*~*~ (outnumbered).
  2811 | D:4      | 2811 ||| Stepping ~*~*~tactically~*~*~ (outnumbered).
  2812 | D:4      | 2812 ||| Stepping ~*~*~tactically~*~*~ (outnumbered).
  2813 | D:4      | 2813 ||| Stepping ~*~*~tactically~*~*~ (outnumbered).
  2814 | D:4      | 2814 ||| Stepping ~*~*~tactically~*~*~ (outnumbered).
  2815 | D:4      | 2815 ||| Stepping ~*~*~tactically~*~*~ (outnumbered).
  2816 | D:4      | 2816 ||| Stepping ~*~*~tactically~*~*~ (outnumbered).
  2817 | D:4      | 2817 ||| Stepping ~*~*~tactically~*~*~ (outnumbered).
  2818 | D:4      | 2818 ||| Stepping ~*~*~tactically~*~*~ (outnumbered).
  2819 | D:4      | Reached XP level 7. HP: 59/66 MP: 5/7
  2863 | D:4      | Found a radiant altar of Vehumet.
  2863 | D:4      | Found an ancient bone altar of Kikubaaqudgha.
  3179 | D:4      | 3179 ||| Stepping ~*~*~tactically~*~*~ (outnumbered).
  3186 | D:4      | 3186 ||| Stepping ~*~*~tactically~*~*~ (outnumbered).
  3189 | D:4      | 3189 ||| Stepping ~*~*~tactically~*~*~ (outnumbered).
  3190 | D:4      | 3190 ||| Stepping ~*~*~tactically~*~*~ (outnumbered).
  3191 | D:4      | 3191 ||| Stepping ~*~*~tactically~*~*~ (outnumbered).
  3192 | D:4      | 3192 ||| Stepping ~*~*~tactically~*~*~ (outnumbered).
  3193 | D:4      | 3193 ||| Stepping ~*~*~tactically~*~*~ (outnumbered).
  3195 | D:4      | 3195 ||| Stepping ~*~*~tactically~*~*~ (outnumbered).
  3196 | D:4      | 3196 ||| Stepping ~*~*~tactically~*~*~ (outnumbered).
  3197 | D:4      | 3197 ||| Stepping ~*~*~tactically~*~*~ (outnumbered).
  3337 | D:4      | 3337 ||| READING 2 scrolls labelled OSOIJI VYIDD.
  3366 | D:5      | Entered Level 5 of the Dungeon
  3416 | D:5      | 3416 ||| FLEEEEING.
  3417 | D:5      | 3417 ||| STAIRDANCE
  3449 | D:4      | 3449 ||| UPGRADING to ring of poison resistance.
  3475 | D:5      | 3475 ||| STAIRDANCE
  3535 | D:5      | 3535 ||| STAIRDANCE
  3596 | D:5      | 3596 ||| STAIRDANCE
  3655 | D:5      | 3655 ||| STAIRDANCE
  3713 | D:5      | 3713 ||| INVOKING Fiery Armour.
  3722 | D:5      | 3722 ||| FLEEEEING.
  3723 | D:5      | 3723 ||| DRINKING 3 potions of curing.
  3723 | D:5      | 3723 ||| (to cure confusion)
  3758 | D:5      | Reached skill level 7 in Unarmed Combat
  3786 | D:5      | 3786 ||| Stepping ~*~*~tactically~*~*~ (hiding).
  3792 | D:5      | 3792 ||| Stepping ~*~*~tactically~*~*~ (stealth).
  3795 | D:5      | 3795 ||| Stepping ~*~*~tactically~*~*~ (stealth).
  3994 | D:5      | Reached XP level 8. HP: 74/74 MP: 8/8
  4070 | D:5      | Reached skill level 6 in Shields
  4096 | D:5      | 4096 ||| READING scroll labelled TAEPHEA ZUPEEG.
  4097 | D:5      | 4097 ||| READING 3 scrolls of identify.
  4097 | D:5      | 4097 ||| IDENTIFYING fuming purple potion
  4098 | D:5      | 4098 ||| READING 2 scrolls of identify.
  4098 | D:5      | 4098 ||| IDENTIFYING cyan potion
  4099 | D:5      | 4099 ||| DROPPING potion of ambrosia.
  4100 | D:5      | 4100 ||| DROPPING potion of magic.
  4120 | D:6      | 4120 ||| PLANNING SEWER
  4124 | D:6      | 4124 ||| INVOKING Fiery Armour.
  4335 | D:6      | Reached skill level 8 in Unarmed Combat
  4408 | D:6      | 4408 ||| READING scroll labelled XEONGOZ OLORU.
  4649 | D:6      | 4649 ||| Stepping ~*~*~tactically~*~*~ (stealth).
  4658 | D:6      | 4658 ||| Stepping ~*~*~tactically~*~*~ (stealth).
  4665 | D:6      | 4665 ||| Stepping ~*~*~tactically~*~*~ (stealth).
  4668 | D:6      | Reached skill level 3 in Fighting
  4678 | D:6      | 4678 ||| Stepping ~*~*~tactically~*~*~ (stealth).
  4680 | D:6      | 4680 ||| Stepping ~*~*~tactically~*~*~ (stealth).
  4689 | D:6      | Found a glowing drain.
  4690 | D:6      | 4690 ||| READING scroll labelled SYW VILYCI.
  4691 | D:6      | 4691 ||| READING 3 scrolls of identify.
  4691 | D:6      | 4691 ||| IDENTIFYING smoky yellow potion
  4692 | D:6      | 4692 ||| READING 2 scrolls of identify.
  4692 | D:6      | 4692 ||| IDENTIFYING orange potion
  4703 | Sewer    | Entered a sewer
  4735 | Sewer    | Noticed Pargi
  4743 | Sewer    | Killed Pargi
  4850 | Sewer    | 4850 ||| READING scroll labelled DUZURU GUXTOMM.
  4869 | D:6      | 4869 ||| PLANNING D:1-11
  4919 | D:6      | Found a runed translucent door.
  4919 | D:6      | Noticed qw's ghost (novice TrCA)
  5088 | D:6      | 5088 ||| READING 2 scrolls of teleportation.
  5384 | D:7      | 5384 ||| INVOKING Fiery Armour.
  5384 | D:7      | HP: 12/75 [centaur/arrow (10)]
  5385 | D:7      | 5385 ||| READING scroll of teleportation.
  5385 | D:7      | HP: 2/75 [centaur/arrow (11)]
  5386 | D:7      | 5386 ||| DRINKING 2 potions of heal wounds.
  5389 | D:7      | Reached skill level 9 in Unarmed Combat
  5494 | D:7      | Noticed Dowan
  5496 | D:7      | Noticed Duvessa
  5496 | D:7      | 5496 ||| INVOKING Fiery Armour.
  5505 | D:7      | Killed Duvessa
  5506 | D:7      | Reached XP level 9. HP: 74/81 MP: 7/9
  5508 | D:7      | Killed Dowan
  5540 | D:7      | 5540 ||| Stepping ~*~*~tactically~*~*~ (hiding).
  5631 | D:7      | Reached skill level 1 in Dodging
  5631 | D:7      | 5631 ||| FLEEEEING.
  5632 | D:7      | 5632 ||| FLEEEEING.
  5669 | D:7      | 5669 ||| Stepping ~*~*~tactically~*~*~ (stealth).
  5670 | D:7      | 5670 ||| Stepping ~*~*~tactically~*~*~ (stealth).
  5834 | D:7      | Reached skill level 10 in Unarmed Combat
  6318 | D:7      | 6318 ||| UPGRADING to +2 cloak.
  6323 | D:7      | 6323 ||| READING scroll labelled OCOINEI VAGU.
  6324 | D:7      | 6324 ||| READING scroll labelled SARGHA AX KUFIE.
  6325 | D:7      | 6325 ||| DRINKING 2 fuming pink potions.
  6326 | D:7      | 6326 ||| READING 2 scrolls of identify.
  6326 | D:7      | 6326 ||| IDENTIFYING coppery potion
  6327 | D:7      | 6327 ||| DROPPING potion of brilliance.
  6358 | D:8      | 6358 ||| Stepping ~*~*~tactically~*~*~ (stealth).
  6367 | D:8      | 6367 ||| Stepping ~*~*~tactically~*~*~ (hiding).
  6369 | D:8      | 6369 ||| Stepping ~*~*~tactically~*~*~ (hiding).
  6382 | D:8      | 6382 ||| Stepping ~*~*~tactically~*~*~ (stealth).
  6613 | D:8      | 6613 ||| Stepping ~*~*~tactically~*~*~ (hiding).
  6626 | D:8      | Found a staircase to the Lair.
  6627 | D:8      | 6627 ||| INVOKING Fiery Armour.
  6628 | D:8      | 6628 ||| Stepping ~*~*~tactically~*~*~ (outnumbered).
  6630 | D:8      | 6630 ||| DRINKING potion of cancellation.
  6632 | D:8      | 6632 ||| Stepping ~*~*~tactically~*~*~ (outnumbered).
  6633 | D:8      | 6633 ||| Stepping ~*~*~tactically~*~*~ (outnumbered).
  6640 | D:8      | 6640 ||| Stepping ~*~*~tactically~*~*~ (outnumbered).
  6651 | D:8      | Reached XP level 10. HP: 76/92 MP: 8/10
  6655 | D:8      | 6655 ||| Stepping ~*~*~tactically~*~*~ (outnumbered).
  6672 | D:8      | Reached skill level 11 in Unarmed Combat
  6755 | D:8      | Reached skill level 9 in Shields
  7167 | D:8      | 7167 ||| READING scroll labelled TOUNAD QANOAF.
  7168 | D:8      | 7168 ||| PLANNING LAIR
  7168 | D:8      | 7168 ||| READING 3 scrolls of identify.
  7168 | D:8      | 7168 ||| IDENTIFYING fizzy grey potion
  7169 | D:8      | 7169 ||| READING 2 scrolls of identify.
  7169 | D:8      | 7169 ||| IDENTIFYING grey potion
  7170 | D:8      | 7170 ||| DROPPING potion of degeneration.
  7211 | Lair:1   | Entered Level 1 of the Lair of Beasts
  7217 | Lair:1   | 7217 ||| Stepping ~*~*~tactically~*~*~ (outnumbered).
  7218 | Lair:1   | 7218 ||| Stepping ~*~*~tactically~*~*~ (outnumbered).
  7219 | Lair:1   | 7219 ||| Stepping ~*~*~tactically~*~*~ (outnumbered).
  7220 | Lair:1   | 7220 ||| Stepping ~*~*~tactically~*~*~ (outnumbered).
  7286 | Lair:1   | Noticed qw's ghost (novice TrCA)
  7286 | Lair:1   | Noticed an elephant
  7287 | Lair:1   | Noticed a five-headed hydra
  7289 | Lair:1   | Noticed a cane toad
  7293 | Lair:1   | Noticed a torpor snail
  7306 | Lair:1   | Noticed a black mamba
  7307 | Lair:1   | 7307 ||| Stepping ~*~*~tactically~*~*~ (stealth).
  7326 | Lair:1   | 7326 ||| INVOKING Fiery Armour.
  7327 | Lair:1   | HP: 14/92 [black mamba (12)]
  7328 | Lair:1   | 7328 ||| READING scroll of teleportation.
  7329 | Lair:1   | 7329 ||| DRINKING 2 potions of heal wounds.
  7330 | Lair:1   | 7330 ||| DRINKING potion of heal wounds.
  7332 | Lair:1   | Killed a black mamba
  7333 | Lair:1   | Reached skill level 12 in Unarmed Combat
  7413 | Lair:1   | Found a transporter.
  7419 | Lair:1   | Noticed a black mamba
  7482 | Lair:1   | Noticed a death yak
  7483 | Lair:1   | 7483 ||| INVOKING Fiery Armour.
  7501 | Lair:1   | Killed a death yak
  7542 | Lair:1   | Noticed a death yak
  7542 | Lair:1   | Noticed a death yak
  7550 | Lair:1   | 7550 ||| Stepping ~*~*~tactically~*~*~ (outnumbered).
  7551 | Lair:1   | 7551 ||| Stepping ~*~*~tactically~*~*~ (hiding).
  7554 | Lair:1   | 7554 ||| Stepping ~*~*~tactically~*~*~ (outnumbered).
  7555 | Lair:1   | 7555 ||| Stepping ~*~*~tactically~*~*~ (outnumbered).
  7556 | Lair:1   | 7556 ||| Stepping ~*~*~tactically~*~*~ (outnumbered).
  7564 | Lair:1   | HP: 24/96 [death yak (17)]
  7565 | Lair:1   | Killed a death yak
  7570 | Lair:1   | Killed a death yak
  7571 | Lair:1   | Reached XP level 11. HP: 24/104 MP: 2/11
  7573 | Lair:1   | HP: 26/104 [rime drake (1)]
  7702 | Lair:1   | Noticed Nergalle
  7706 | Lair:1   | 7706 ||| INVOKING Fiery Armour.
  7707 | Lair:1   | 7707 ||| Stepping ~*~*~tactically~*~*~ (outnumbered).
  7708 | Lair:1   | 7708 ||| Stepping ~*~*~tactically~*~*~ (outnumbered).
  7709 | Lair:1   | 7709 ||| Stepping ~*~*~tactically~*~*~ (outnumbered).
  7710 | Lair:1   | 7710 ||| Stepping ~*~*~tactically~*~*~ (outnumbered).
  7711 | Lair:1   | 7711 ||| Stepping ~*~*~tactically~*~*~ (outnumbered).
  7712 | Lair:1   | 7712 ||| Stepping ~*~*~tactically~*~*~ (outnumbered).
  7721 | Lair:1   | Reached skill level 13 in Unarmed Combat
  7724 | Lair:1   | Killed Nergalle
  7725 | Lair:1   | Reached skill level 1 in Armour
  7787 | Lair:1   | Found a frozen archway.
  7872 | Lair:1   | 7872 ||| INVOKING Fiery Armour.
  7941 | Lair:1   | 7941 ||| PLANNING TEMPLE
  7941 | Lair:1   | 7941 ||| UPGRADING to ring of willpower.
  8118 | Temple   | Entered the Ecumenical Temple
  8136 | Temple   | 8136 ||| PLANNING CONVERSION TO OKAWARU
  8143 | Temple   | Fell from the grace of Ignis
  8143 | Temple   | Became a worshipper of Warmaster Okawaru
  8144 | Temple   | 8144 ||| PLANNING LAIR
  8144 | Temple   | 8144 ||| REMOVING amulet of guardian spirit.
  8149 | Temple   | 8149 ||| DROPPING amulet of guardian spirit.
  8150 | Temple   | 8150 ||| UPGRADING to amulet of regeneration.
  8369 | Lair:1   | 8369 ||| Stepping ~*~*~tactically~*~*~ (outnumbered).
  8370 | Lair:1   | 8370 ||| Stepping ~*~*~tactically~*~*~ (outnumbered).
  8371 | Lair:1   | 8371 ||| Stepping ~*~*~tactically~*~*~ (outnumbered).
  8372 | Lair:1   | 8372 ||| Stepping ~*~*~tactically~*~*~ (outnumbered).
  8373 | Lair:1   | 8373 ||| Stepping ~*~*~tactically~*~*~ (outnumbered).
  8374 | Lair:1   | 8374 ||| Stepping ~*~*~tactically~*~*~ (outnumbered).
  8733 | Lair:1   | Reached * piety under Okawaru
  8762 | Lair:1   | 8762 ||| INVOKING Heroism.
  8763 | Lair:1   | 8763 ||| INVOKING Heroism.
  8768 | Lair:1   | Reached skill level 3 in Throwing
  8768 | Lair:1   | Reached skill level 1 in Invocations
  8790 | Lair:1   | 8790 ||| INVOKING Heroism.
  8810 | Lair:1   | 8810 ||| Stepping ~*~*~tactically~*~*~ (stealth).
  8817 | Lair:1   | 8817 ||| Stepping ~*~*~tactically~*~*~ (stealth).
  8818 | Lair:1   | 8818 ||| Stepping ~*~*~tactically~*~*~ (stealth).
  8829 | Lair:1   | 8829 ||| INVOKING Heroism.
  8879 | Lair:1   | Found the +8 whip "Snakebite" {venom, curare, rPois}
  8937 | Lair:1   | You fall into a shaft and drop 1 floor!
  8940 | Lair:2   | Reached ** piety under Okawaru
  8941 | Lair:2   | Reached skill level 3 in Invocations
  8986 | Lair:1   | You fall into a shaft and drop 1 floor!
  8987 | Lair:2   | 8987 ||| INVOKING Heroism.
  8988 | Lair:2   | 8988 ||| Stepping ~*~*~tactically~*~*~ (outnumbered).
  8990 | Lair:2   | 8990 ||| Stepping ~*~*~tactically~*~*~ (outnumbered).
  8991 | Lair:2   | 8991 ||| Stepping ~*~*~tactically~*~*~ (outnumbered).
  8999 | Lair:2   | 8999 ||| Stepping ~*~*~tactically~*~*~ (outnumbered).
  9005 | Lair:2   | 9005 ||| INVOKING Heroism.
  9046 | Lair:2   | 9046 ||| INVOKING Heroism.
  9126 | Lair:1   | Found a transporter.
  9388 | Lair:2   | 9388 ||| INVOKING Heroism.
  9394 | Lair:2   | 9394 ||| Stepping ~*~*~tactically~*~*~ (stealth).
  9395 | Lair:2   | You fall into a shaft and drop 2 floors!
  9422 | Lair:4   | 9422 ||| INVOKING Heroism.
  9427 | Lair:4   | HP: 23/104 [fire elemental[the fiery vengeance of Ignis]
                  | (7)]
  9428 | Lair:4   | 9428 ||| READING scroll of teleportation.
  9428 | Lair:4   | HP: 11/104 [fire elemental[the fiery vengeance of Ignis]
                  | (14)]
  9495 | Lair:4   | 9495 ||| Stepping ~*~*~tactically~*~*~ (hiding).
  9506 | Lair:4   | 9506 ||| INVOKING Heroism.
  9511 | Lair:4   | 9511 ||| Stepping ~*~*~tactically~*~*~ (outnumbered).
  9514 | Lair:4   | 9514 ||| Stepping ~*~*~tactically~*~*~ (outnumbered).
  9520 | Lair:4   | 9520 ||| Stepping ~*~*~tactically~*~*~ (outnumbered).
  9528 | Lair:4   | 9528 ||| INVOKING Heroism.
  9532 | Lair:4   | Reached XP level 12. HP: 73/111 MP: 11/14
  9558 | Lair:4   | 9558 ||| Stepping ~*~*~tactically~*~*~ (stealth).
  9560 | Lair:4   | 9560 ||| Stepping ~*~*~tactically~*~*~ (stealth).
  9561 | Lair:4   | 9561 ||| Stepping ~*~*~tactically~*~*~ (stealth).
  9563 | Lair:4   | 9563 ||| INVOKING Heroism.
  9570 | Lair:4   | Reached skill level 14 in Unarmed Combat
  9635 | Lair:4   | Noticed a six-headed hydra
  9636 | Lair:4   | 9636 ||| INVOKING Heroism.
  9642 | Lair:4   | Killed an eight-headed hydra
  9671 | Lair:4   | 9671 ||| Stepping ~*~*~tactically~*~*~ (stealth).
  9676 | Lair:4   | Reached skill level 6 in Fighting
  9683 | Lair:4   | 9683 ||| INVOKING Heroism.
  9684 | Lair:4   | Reached *** piety under Okawaru
  9760 | Lair:4   | 9760 ||| INVOKING Heroism.
  9790 | Lair:4   | 9790 ||| READING scroll labelled QUB HUWAES.
  9803 | Lair:3   | Noticed qw's ghost (journeyman TrCA)
  9809 | Lair:3   | Found a runed translucent gate.
  9809 | Lair:3   | Found a runed translucent gate.
  9810 | Lair:3   | Found a runed translucent gate.
  9912 | Lair:3   | Noticed a four-headed hydra
  9913 | Lair:3   | 9913 ||| INVOKING Heroism.
  9923 | Lair:3   | Killed an eight-headed hydra
  9962 | Lair:3   | 9962 ||| Stepping ~*~*~tactically~*~*~ (outnumbered).
  9964 | Lair:3   | 9964 ||| Stepping ~*~*~tactically~*~*~ (outnumbered).
  9965 | Lair:3   | 9965 ||| Stepping ~*~*~tactically~*~*~ (outnumbered).
  9966 | Lair:3   | 9966 ||| Stepping ~*~*~tactically~*~*~ (outnumbered).
  9974 | Lair:3   | 9974 ||| INVOKING Heroism.
 10041 | Lair:3   | You fall into a shaft and drop 1 floor!
 10074 | Lair:4   | 10074 ||| READING scroll labelled FALEBRU ECAOQI.
 10104 | Lair:4   | 10104 ||| READING 2 scrolls of identify.
 10104 | Lair:4   | 10104 ||| IDENTIFYING bubbling ruby potion
 10105 | Lair:4   | 10105 ||| DROPPING potion of flight.
 10130 | Lair:3   | 10130 ||| INVOKING Heroism.
 10136 | Lair:3   | Reached skill level 15 in Unarmed Combat
 10136 | Lair:3   | 10136 ||| Stepping ~*~*~tactically~*~*~ (stealth).
 10150 | Lair:3   | Found a hole to the Spider Nest.
 10151 | Lair:3   | 10151 ||| Stepping ~*~*~tactically~*~*~ (stealth).
 10155 | Lair:3   | 10155 ||| Stepping ~*~*~tactically~*~*~ (stealth).
 10159 | Lair:3   | 10159 ||| INVOKING Heroism.
 10160 | Lair:3   | 10160 ||| Stepping ~*~*~tactically~*~*~ (stealth).
 10161 | Lair:3   | 10161 ||| Stepping ~*~*~tactically~*~*~ (stealth).
 10162 | Lair:3   | Reached **** piety under Okawaru
 10171 | Lair:3   | 10171 ||| Stepping ~*~*~tactically~*~*~ (outnumbered).
 10172 | Lair:3   | 10172 ||| Stepping ~*~*~tactically~*~*~ (outnumbered).
 10179 | Lair:3   | HP: 20/114 [cane toad (18)]
 10180 | Lair:3   | 10180 ||| READING scroll of teleportation.
 10181 | Lair:3   | HP: 5/114 [blink frog (14)]
 10182 | Lair:3   | Slain by a cane toad

Levels and vault maps discovered:
D:1:      heliophobic_arrival_battle_scene, layout_basic, serial_shops,
          nicolae_square_shop, kennysheep_pointless_box
D:2:      cheibrodos_pilgrimage, layout_basic,
          shapermc_ecumenical_altar_totnotflames, serial_shops, shop,
          grunt_decor_junction, minmay_quadrilaterals, uniq_jessica
D:3:      layout_basic, serial_curves, eino_curves_03, eino_curves_01
D:4:      layout_gridville, gammafunk_temple_overflow_elements,
          minmay_temple_entry_offerings, gammafunk_ghost_split
D:5:      layout_rooms, minmay_misc_feat_columns
D:6:      layout_basic, gammafunk_ghost_grave, portal_sewer_entry_e,
          serial_bayou_pond_d, lemuel_flame_loot_1
D:7:      layout_basic, uniq_duvessa
D:8:      layout_loops_ring, minmay_lair_entry_grove
Temple:   hc_temple_tempest_star
Lair:1:   minmay_guarded_unrand_snakebite, layout_cave_pods,
          portal_ice_cave_entry_ice_simulacra, nzn_ghost_randoct,
          grunt_megastairs_3, lemuel_fruit_fields, infiniplex_staircase_pool_2,
          uniq_nergalle
Lair:2:   layout_loops_ring, minmay_swamp_entry_worms, lemuel_fruit_tree
Lair:3:   gammafunk_indiana_jones, layout_concentric_octagons,
          nicolae_spider_entry_tight_spaces, gammafunk_ghost_split,
          lemuel_fruit_fields, serial_bayou_shore_b, serial_bayou_shore_b
Lair:4:   layout_cave_pods, kennysheep_basilisk_garden, grunt_megastairs_4

Skill      XL: |  1  2  3  4  5  6  7  8  9 10 11 12 |
---------------+-------------------------------------+-----
Unarmed Combat | 4 5 6 7 9 10 12 13 15 | 15.0
Shields        | 2 4 5 6 8 9 10 | 10.1
Throwing       | 1 2 4 |  4.0
Fighting       | 3 4 5 6 |  6.1
Dodging        | 1 |  1.0
Armour         | 1 |  1.9
Invocations    | 4 |  4.1
Spellcasting   | |  1.0
Fire Magic     | |  2.1

Action                   |  1- 3 |  4- 6 |  7- 9 | 10-12 || total
-------------------------+-------+-------+-------+-------++-------
Melee: Unarmed           |    65 |   128 |   298 |   395 ||   886
       Punch             |     1 |     1 |       |       ||     2
Throw: Javelin           |       |    25 |    25 |    14 ||    64
       Boomerang         |       |       |    31 |    49 ||    80
Invok: Fiery Armour      |     1 |     2 |     5 |     4 ||    12
       Heroism           |       |       |       |    18 ||    18
  Use: Potion            |     1 |     3 |     4 |     2 ||    10
       Scroll            |       |     2 |    14 |     9 ||    25
Armor: Robe              |    18 |    52 |   124 |    94 ||   288
Dodge: Dodged            |    19 |    46 |   101 |   115 ||   281
Block: Kite shield       |       |    32 |    91 |   167 ||   290

Table legend:
 A = Non-vault XP
 B = Vault XP
 C = Vault XP percentage of total XP
 D = Non-vault monster count
 E = Vault monster count
 F = Vault count percentage of total count
                 A         B        C        D         E       F
            +---------+---------+-------+---------+---------+-------
      Total |   20814 |    8107 |  28.0 |     224 |      60 |  21.1
            +---------+---------+-------+---------+---------+-------
        D:1 |      32 |       0 |   0.0 |      18 |       0 |   0.0
        D:2 |      43 |     171 |  79.9 |      18 |       9 |  33.3
        D:3 |      99 |       0 |   0.0 |      22 |       0 |   0.0
        D:4 |     535 |       0 |   0.0 |      40 |       0 |   0.0
        D:5 |     691 |       0 |   0.0 |      22 |       0 |   0.0
        D:6 |     494 |      12 |   2.4 |      12 |       8 |  40.0
        D:7 |    1658 |     217 |  11.6 |      22 |       2 |   8.3
        D:8 |     972 |    2323 |  70.5 |      16 |      13 |  44.8
     Lair:1 |    6907 |    4239 |  38.0 |      22 |      18 |  45.0
     Lair:2 |    2377 |       0 |   0.0 |      11 |       0 |   0.0
     Lair:3 |    2246 |     241 |   9.7 |       6 |       1 |  14.3
     Lair:4 |    4760 |     762 |  13.8 |      15 |       2 |  11.8
      Sewer |       0 |     142 | 100.0 |       0 |       7 | 100.0
            +---------+---------+-------+---------+---------+-------
